 Dungeon Crawl Stone Soup version 0.23.0 (webtiles) character file.

Game seed: 3745037673285256214

2134 nubinia the Skirmisher (level 9, -4/73 HPs)
             Began as a Demonspawn Monk on Feb 15, 2019.
             Was an Elder of Wu Jian.
             Slain by a wolf (9 damage)
             ... led by Grum
             ... on level 8 of the Dungeon.
             The game lasted 00:46:13 (7932 turns).

nubinia the Skirmisher (Demonspawn Monk)            Turns: 7932, Time: 00:46:13

Health: -4/73      AC:  5    Str: 14      XL:     9   Next: 9%
Magic:  9/10       EV: 14    Int: 13      God:    Wu Jian [****..]
Gold:   383        SH:  0    Dex: 14 (15) Spells: 9/10 levels left

rFire    + . .     SeeInvis .   a - +0 spear
rCold    . . .     Gourm    .   (no shield)
rNeg     . . .     Faith    .   m - +1 robe
rPois    +         Spirit   .   (no helmet)
rElec    .         Reflect  .   (no cloak)
rCorr    .         Harm     .   x - +0 pair of gloves
MR       .....                  (no boots)
Stlth    +++.......             (no amulet)
HPRegen  0.22/turn              A - ring of wizardry
MPRegen  0.12/turn              t - ring of poison resistance

@: serpent's lash
A: hooves 2, rugged brown scales 1, demonic guardian 2, fire resistance 1
a: Wall Jump, Serpent's Lash, Renounce Religion


You were on level 8 of the Dungeon.
You worshipped Wu Jian.
Wu Jian was greatly pleased with you.
You were not hungry.

You visited 1 branch of the dungeon, and saw 8 of its levels.

You collected 383 gold pieces.

Inventory:

Hand Weapons
 a - a +0 spear (weapon)
 b - a +3 dagger
 f - a +6 dire flail of protection
Armour
 m - a +1 robe (worn)
 x - a +0 pair of gloves (worn)
Jewellery
 k - a +4 ring of intelligence
 t - a ring of poison resistance (right hand)
 A - a ring of wizardry (left hand)
Wands
 i - a wand of random effects (34)
 y - a wand of paralysis (9)
 D - a wand of digging (2)
Scrolls
 h - 3 scrolls of identify
 j - 3 scrolls of enchant armour
 n - a scroll of fog
 p - a scroll of fear
 q - 4 scrolls of remove curse
 B - a scroll of immolation {unknown}
 C - a scroll of enchant weapon {unknown}
Potions
 d - a potion of flight
 e - a potion of invisibility
 g - a potion of brilliance {unknown}
 l - a potion of heal wounds {unknown}
 o - a potion of magic {unknown}
 r - a potion of agility {unknown}
 s - a potion of haste {unknown}
 u - a potion of ambrosia
 w - 2 potions of degeneration {unknown}
 z - 2 potions of curing
Comestibles
 c - 20 rations
 v - 14 chunks of flesh


   Skills:
 * Level 6.5 Fighting
 + Level 2.4 Short Blades
 + Level 4.3 Maces & Flails
 + Level 5.0 Polearms
 + Level 4.3 Dodging
 + Level 5.1 Stealth
 + Level 1.3 Spellcasting
 + Level 3.5 Necromancy
 + Level 0.1 Evocations


You had 9 spell levels left.
You knew the following spells:

 Your Spells              Type           Power        Failure   Level  Hunger
S - Animate Skeleton      Necr           N/A          2%          1    ##.....

Your spell library contained the following spells:

 Spells                   Type           Power        Failure   Level  Hunger
 Apportation              Tloc           #.....       12%         1    ##.....
 Confusing Touch          Hex            #.....       12%         1    ##.....
 Summon Small Mammal      Summ           #...         12%         1    ##.....


Dungeon Overview and Level Annotations

Branches:
Dungeon (8/15)             Temple (0/1) D:6
   Lair: D:8-11

Altars:
Ashenzari
Dithmenos
Hepliaklqana
Makhleb
Nemelex Xobeh
Okawaru
Qazlal
Ru
Uskayaw
Vehumet
Wu Jian
Yredelemnul
The Shining One

Shops:
D:4 *   D:7 *

Annotations:
D:4 2 transporters, P0WERM0DE's ghost, amateur DDFi


Innate Abilities, Weirdness & Mutations

You have hoof-like feet.
You are partially covered in rugged brown scales. (AC +1, +3% HP)
A demonic guardian rushes to your aid.
Your flesh is heat resistant. (rF+)


Message History

The Council says: Follow the path of wisdom and battle!
Press ? for a list of commands and other information.
Your muscles tense, ready for explosive movement...
You miss the wolf.
The wolf is lightly wounded.
The wolf closely misses you.
You hit the wolf.
The wolf is moderately wounded.
The wolf closely misses you. The wolf bites you.
* * * LOW HITPOINT WARNING * * *
You hit the wolf but do no damage. You kick the wolf, but do no damage.
The wolf is moderately wounded.
The wolf barely misses you.
You miss the wolf. Your kick misses the wolf.
The wolf is moderately wounded.
The wolf barely misses you. The wolf closely misses you.
You barely miss the wolf. You kick the wolf, but do no damage.
The wolf is moderately wounded.
The wolf bites you!
You die...

## #.. #.#
########. #.#
#.......# #.#
#h# #.# #@#
#.####### #(#
#....Z..# #.#
#..####.# #.#
...##.#Z# #.#
#.###.#.# #.#
#.....#.#####
#)#
#####.#.Z.Z.#
#.#
#.#####.####.#


You could see a wolf.

Vanquished Creatures
  3 hogs (D:7)
  2 sky beasts (D:6)
  An orc warrior (D:6)
  An ice beast (D:7)
  An ogre (D:4)
  A phantom (D:5)
  A bullfrog (D:6)
  A scorpion (D:5)
  A wight (D:6)
  2 crimson imps
  A bullfrog skeleton (D:4)
  3 hounds
  A centaur skeleton (D:5)
  An orc wizard (D:3)
  2 iguanas
  5 worker ants
  8 adders
  2 shadow imps
  An adder skeleton (D:4)
  A worm (D:3)
  2 dart slugs
  6 leopard geckos
  6 orcs
  3 ball pythons (D:3)
  4 giant cockroaches
  8 goblins
  8 hobgoblins
  9 jackals
  3 kobolds
  2 quokkas
  8 bats
  2 frilled lizards
  A goblin skeleton (D:7)
  A goblin zombie (D:7)
  2 hobgoblin zombies (D:7)
  2 kobold skeletons (D:7)
  2 kobold zombies (D:7)
  A leopard gecko skeleton (D:6)
  A leopard gecko zombie (D:5)
  An orc zombie (D:7)
  A quokka skeleton (D:6)
  8 rats
120 creatures vanquished.

Vanquished Creatures (collateral kills)
  A human (D:7)
  A hog (D:7)
  Grum (D:8)
  Edmund (D:5)
  A wolf (D:8)
  3 ogres
  A wight (D:6)
  A crimson imp (D:5)
  A quasit (D:7)
  An adder (D:8)
  3 orcs
15 creatures vanquished.

Grand Total: 135 creatures vanquished

Notes
Turn   | Place    | Note
-------+----------+-------------------------------------------
     0 | D:1      | nubinia the Demonspawn Monk began the quest for the Orb.
     0 | D:1      | Reached XP level 1. HP: 18/18 MP: 1/1
   419 | D:1      | Gained mutation: You are partially covered in rugged brown
                  | scales. (AC +1, +3% HP) [demonic ancestry]
   419 | D:1      | Reached XP level 2. HP: 18/24 MP: 2/2
  1342 | D:2      | Found a radiant altar of Vehumet.
  1366 | D:2      | Gained mutation: A weak demonic guardian rushes to your
                  | aid. [demonic ancestry]
  1366 | D:2      | Reached XP level 3. HP: 27/29 MP: 3/3
  2474 | D:3      | Gained mutation: You have large cloven feet. [demonic
                  | ancestry]
  2474 | D:3      | Reached XP level 4. HP: 33/36 MP: 4/4
  2643 | D:3      | Found a burning altar of Makhleb.
  2814 | D:3      | Reached XP level 5. HP: 16/43 MP: 5/5
  2820 | D:3      | Found a faded altar of an unknown god.
  3055 | D:3      | Became a worshipper of the Wu Jian Council
  3055 | D:3      | Reached * piety under Wu Jian
  3055 | D:3      | Reached ** piety under Wu Jian
  3837 | D:4      | Noticed P0WERM0DE's ghost (amateur DDFi)
  3842 | D:4      | Found a transporter.
  3945 | D:4      | Found a transporter.
  4153 | D:4      | Found Qylia's Elemental Accessories.
  4174 | D:4      | Learned a level 1 spell: Animate Skeleton
  4278 | D:4      | Noticed an ogre
  4291 | D:4      | Killed an ogre
  4291 | D:4      | Reached skill level 4 in Fighting
  4291 | D:4      | Gained mutation: Your flesh is heat resistant. (rF+)
                  | [demonic ancestry]
  4291 | D:4      | Reached XP level 6. HP: 29/49 MP: 6/6
  4593 | D:4      | Found a stormy altar of Qazlal.
  4593 | D:4      | Found a shadowy altar of Dithmenos.
  4598 | D:4      | Found a hazy altar of Hepliaklqana.
  4600 | D:4      | Found a hide-covered altar of Uskayaw.
  4602 | D:4      | Found a shattered altar of Ashenzari.
  4688 | D:5      | Entered Level 5 of the Dungeon
  4775 | D:5      | Reached skill level 1 in Necromancy
  4833 | D:5      | Reached skill level 1 in Short Blades
  4990 | D:5      | Reached *** piety under Wu Jian
  5288 | D:5      | Gained mutation: You have hoof-like feet. [demonic
                  | ancestry]
  5288 | D:5      | Reached XP level 7. HP: 23/56 MP: 7/7
  5600 | D:5      | Noticed Edmund
  5637 | D:5      | Killed Edmund
  5712 | D:5      | Found a sacrificial altar of Ru.
  5823 | D:6      | Found a staircase to the Ecumenical Temple.
  5917 | D:6      | Reached skill level 1 in Maces & Flails
  5953 | D:6      | Reached skill level 5 in Fighting
  6013 | D:6      | Found a basalt altar of Yredelemnul.
  6182 | D:6      | Reached XP level 8. HP: 15/63 MP: 8/8
  7129 | D:7      | Found Ihop's Assorted Antiques.
  7268 | D:7      | Found an iron altar of Okawaru.
  7289 | D:7      | Found a glowing golden altar of the Shining One.
  7373 | D:7      | Reached **** piety under Wu Jian
  7539 | D:7      | Reached skill level 1 in Spellcasting
  7542 | D:7      | Reached skill level 6 in Fighting
  7542 | D:7      | Reached skill level 5 in Stealth
  7561 | D:7      | Reached skill level 5 in Polearms
  7566 | D:7      | Gained mutation: A demonic guardian rushes to your aid.
                  | [demonic ancestry]
  7566 | D:7      | Reached XP level 9. HP: 35/71 MP: 10/10
  7790 | D:8      | Found a sparkling altar of Nemelex Xobeh.
  7866 | D:8      | Noticed Grum
  7889 | D:8      | Killed Grum
  7932 | D:8      | Slain by a wolf

Skill      XL: |  1  2  3  4  5  6  7  8 |
---------------+-------------------------+-----
Polearms       | 3 4 5 |  5.0
Dodging        | 3 4 |  4.3
Stealth        | 2 3 4 5 |  5.1
Fighting       | 4 5 6 |  6.5
Necromancy     | 1 2 3 |  3.5
Short Blades   | 1 2 |  2.4
Maces & Flails | 1 4 |  4.3
Spellcasting   | 1 |  1.3
Evocations     | |  0.1

Action                   |  1- 3 |  4- 6 |  7- 9 || total
-------------------------+-------+-------+-------++-------
Melee: Spear             |   167 |   103 |    66 ||   336
       Dagger            |     5 |    75 |    31 ||   111
       Kick              |       |    41 |    41 ||    82
       Dire flail        |       |       |    83 ||    83
 Cast: Animate Skeleton  |       |       |    17 ||    17
Invok: Lunge             |       |    22 |    25 ||    47
       Whirlwind         |       |     3 |    10 ||    13
       Serpent's Lash    |       |       |     1 ||     1
Evoke: Wand              |       |       |     2 ||     2
  Use: Scroll            |     6 |     2 |       ||     8
       Potion            |     1 |     3 |     2 ||     6
 Stab: Sleeping          |    12 |     7 |     6 ||    25
       Distracted        |       |     1 |     2 ||     3
  Eat: Chunk             |     5 |     6 |     9 ||    20
       Ration            |       |     1 |       ||     1
Armor: Robe              |    23 |    23 |    34 ||    80
Dodge: Dodged            |    86 |    72 |    88 ||   246
